 Dungeon Crawl Stone Soup version 0.23.2-40-g277498a001 (webtiles) character file.

Game seed: 269533658374292085

922 Amplified the Covert (level 8, -2/73 HPs)
             Began as a Naga Enchanter on Sept 17, 2019.
             Was a Follower of Cheibriados.
             Killed by divine providence
             ... invoked by an orc priest
              (13 damage)
             ... on level 6 of the Dungeon.
             The game lasted 00:14:20 (6281 turns).

Amplified the Covert (Naga Enchanter)               Turns: 6281, Time: 00:14:21

Health: -2/73      AC:  6    Str: 12    XL:     8   Next: 10%
Magic:  7/11       EV: 10    Int: 21    God:    Cheibriados [*.....]
Gold:   297        SH:  0    Dex: 13    Spells: 5/11 levels left

rFire    . . .     SeeInvis +   a - +1 dagger
rCold    + . .     Gourm    .   (no shield)
rNeg     . . .     Faith    .   b - +2 robe
rPois    +         Spirit   .   (no helmet)
rElec    .         Reflect  .   h - +0 cloak
rCorr    .         Harm     .   (no gloves)
MR       +....                  (no barding)
Stlth    ++++......             j - amulet of magic regeneration
HPRegen  0.22/turn              g - ring of protection from cold
MPRegen  0.37/turn              (no ring)

@: very slightly contaminated, very slow
A: large, see invisible, deformed body, poison resistance, slowness 2, slow
metabolism 1, spit poison 1, AC +2
a: Spit Poison, Bend Time, Renounce Religion


You were on level 6 of the Dungeon.
You worshipped Cheibriados.
Cheibriados was aware of your devotion.
You were not hungry.

You visited 1 branch of the dungeon, and saw 6 of its levels.

You collected 297 gold pieces.

Inventory:

Hand Weapons
 a - a +1 dagger (weapon)
 m - the +4 scimitar of Victory {speed, +Blink rElec rPois Int-2}
   (You found it on level 5 of the Dungeon)

   Attacks with this weapon are significantly faster.
   It affects your intelligence (-2).
   It insulates you from electricity.
   It protects you from poison.
   It lets you blink.
   Cheibriados disapproves of the use of such an item.
Missiles
 c - 28 poisoned needles
Armour
 b - a +2 robe (worn)
 h - a +0 cloak (worn)
Jewellery
 g - a ring of protection from cold (left hand)
 j - an amulet of magic regeneration (around neck)
Scrolls
 l - a scroll of identify
Potions
 f - a potion of curing
 i - a potion of ambrosia
Comestibles
 d - 6 rations


   Skills:
 * Level 4.8 Fighting
 * Level 4.9 Short Blades
 - Level 1.5 Dodging
 * Level 9.0 Stealth
 - Level 2.0 Spellcasting
 - Level 3.0 Hexes
 * Level 2.3 Invocations


You had 5 spell levels left.
You knew the following spells:

 Your Spells              Type           Power        Failure   Level  Hunger
a - Corona                Hex            ##.....      4%          1    #......
b - Ensorcelled Hibernat  Hex/Ice        #.....       12%         2    ##.....
c - Confuse               Hex            ##......     13%         3    ###....

Your spell library contained the following spells:

 Spells                   Type           Power        Failure   Level  Hunger
 Tukima's Dance           Hex            ##......     13%         3    ###....
 Beastly Appendage        Tmut           #.....       14%         1    #......
 Sticks to Snakes         Tmut           #.......     22%         2    ##.....
 Dazzling Spray           Conj/Hex       #.....       24%         3    ###....
 Spider Form              Tmut/Pois      #.........   41%         3    ###....
 Ice Form                 Ice/Tmut       #.......     82%         4    #####..
 Blade Hands              Tmut           #.........   99%         5    ######.


Dungeon Overview and Level Annotations

Branches:
Dungeon (6/15)
 Temple: D:4-7

Altars:
Cheibriados
Nemelex Xobeh
Wu Jian


Innate Abilities, Weirdness & Mutations

You cannot wear boots.
Your serpentine skin is tough. (AC +2)
You have supernaturally acute eyesight. (SInv)
Armour fits poorly on your strangely shaped body.
Your system is resistant to poisons. (rPois)
You cover ground very slowly.
You have a slow metabolism.
You can spit poison.


Message History

Frost spreads across the the floor.
The giant cockroach closely misses you.
Casting: Ensorcelled Hibernation (safe; 12% risk of failure)
Confirm with . or Enter, or press ? or * to list all spells.
Aiming: Ensorcelled Hibernation (safe; 12% risk of failure)
Press: ? - help, Shift-Dir - straight line, f/p - giant cockroach
Aim: a giant cockroach (clinging, chance to defeat MR: 57%)
The giant cockroach looks drowsy...
The black bear is no longer moving slowly.
The bullfrog is no longer moving slowly.
You open the door.
An orc priest comes into view. It is wielding a +0 flail.
An adder and a zombie come into view.
The orc priest shouts!
Something shouts, "Give in, thou ducking clapper-clawed efter!"
Something shouts, "Escape, thou hateful flap-mouthed pignut!"
There is an open door here.
The gnoll is no longer moving slowly.
The orc priest invokes the aid of Beogh against you.
Beogh smites you!
You die...

#.⌠...⌠.#
#...g...#
####h####
#.....#
##...## #...#
##.##
.#######'#####
.......@o.S..#
###..##..##..#
# #..# .# Z##.
.. .. .. .# ##
##. # .. #.


You could see a black bear, an orc priest, a gnoll, an adder and a worker ant
zombie.

Vanquished Creatures
  3 ogres
  A bullfrog (D:5)
  Blork the orc (D:4)
  A scorpion (D:5)
  A killer bee (D:6)
  2 jellies
  An orc priest (D:4)
  Crazy Yiuf (D:2)
  4 worker ants (D:4)
  8 adders
  4 gnolls (D:2)
  An ooze (D:1)
  An adder skeleton (D:4)
  A worm (D:3)
  4 dart slugs
  A leopard gecko (D:1)
  19 orcs
  9 bats
  4 giant cockroaches
  8 goblins
  10 hobgoblins
  5 jackals
  A quokka (D:4)
  A ball python (D:1)
  4 frilled lizards
  9 kobolds
  6 rats
111 creatures vanquished.

Notes
Turn   | Place    | Note
-------+----------+-------------------------------------------
     0 | D:1      | Amplified the Naga Enchanter began the quest for the Orb.
     0 | D:1      | Reached XP level 1. HP: 15/15 MP: 3/3
   269 | D:1      | Reached XP level 2. HP: 7/24 MP: 0/5
   333 | D:1      | Learned a level 2 spell: Ensorcelled Hibernation
   794 | D:1      | Reached skill level 1 in Fighting
  1023 | D:1      | Reached skill level 5 in Stealth
  1170 | D:1      | You fall through a shaft!
  1177 | D:2      | Reached XP level 3. HP: 23/31 MP: 1/6
  2191 | D:3      | Learned a level 3 spell: Confuse
  2215 | D:3      | Reached XP level 4. HP: 14/39 MP: 0/7
  2832 | D:3      | You fall through a shaft!
  2957 | D:4      | Noticed an ogre
  2994 | D:4      | Killed an ogre
  2994 | D:4      | Reached skill level 6 in Stealth
  2994 | D:4      | Reached XP level 5. HP: 34/46 MP: 1/8
  3098 | D:4      | Noticed Blork the orc
  3104 | D:4      | Killed Blork the orc
  3104 | D:4      | Reached XP level 6. HP: 56/56 MP: 6/9
  3124 | D:4      | Reached skill level 7 in Stealth
  3345 | D:4      | Found an ornate altar of the Wu Jian Council.
  3346 | D:4      | Found a sparkling altar of Nemelex Xobeh.
  3549 | D:4      | Got an encrusted helmet
  3560 | D:4      | Identified the cursed -2 helmet of Resilience {rC+} (You
                  | found it on level 4 of the Dungeon)
  4145 | D:2      | Reached XP level 7. HP: 60/63 MP: 7/10
  4305 | D:2      | Found a faded altar of an unknown god.
  4425 | D:1      | Reached skill level 8 in Stealth
  4617 | D:2      | Became a worshipper of Cheibriados the Contemplative
  4617 | D:2      | Reached * piety under Cheibriados
  4886 | D:2      | Found a runed translucent door.
  4887 | D:2      | Noticed Crazy Yiuf
  4895 | D:2      | Killed Crazy Yiuf
  5077 | D:4      | Reached skill level 1 in Invocations
  5185 | D:5      | Entered Level 5 of the Dungeon
  5835 | D:5      | Reached XP level 8. HP: 24/73 MP: 11/11
  6076 | D:5      | Got a smoking scimitar
  6081 | D:5      | Identified the +4 scimitar of Victory {speed, +Blink rElec
                  | rPois Int-2} (You found it on level 5 of the Dungeon)
  6260 | D:6      | Reached skill level 9 in Stealth
  6281 | D:6      | Killed from afar by an orc priest

Skill      XL: |  1  2  3  4  5  6  7  8 |
---------------+-------------------------+-----
Fighting       | 1 2 3 4 |  4.8
Stealth        | 5 6 7 8 9 |  9.0
Short Blades   | 2 3 4 |  4.9
Invocations    | 2 |  2.3
Dodging        | |  1.5
Spellcasting   | |  2.0
Hexes          | |  3.0

Action                   |  1- 3 |  4- 6 |  7- 9 || total
-------------------------+-------+-------+-------++-------
Melee: Dagger            |   146 |   157 |   260 ||   563
 Cast: Corona            |    20 |     2 |       ||    22
       Ensorcelled Hiber |    15 |     9 |    11 ||    35
       Confuse           |       |       |     2 ||     2
Invok: Bend Time         |       |       |     3 ||     3
 Abil: Spit Poison       |     1 |     5 |    10 ||    16
       Evoke Blink       |       |       |     1 ||     1
  Use: Scroll            |     2 |     5 |     6 ||    13
       Potion            |     2 |       |     4 ||     6
 Stab: Sleeping          |    11 |    11 |     7 ||    29
  Eat: Chunk             |     4 |       |     3 ||     7
       Ration            |       |     2 |     1 ||     3
Armor: Robe              |    47 |    39 |    99 ||   185
Dodge: Dodged            |   112 |    94 |   189 ||   395
       Rpst.: Scimitar   |       |       |     7 ||     7
